 Dungeon Crawl Stone Soup version 0.30-a0-122-g2a1322497e (webtiles) character file.

Game seed: 537518402646700883

866 purpskrrrp the Chopper (level 7, -3/49 HPs)
             Began as a Demonspawn Fighter on Sept 15, 2022.
             Was a Believer of Hepliaklqana.
             Slain by Pikel
             ... wielding a +2 whip of flaming
              (4 damage)
             ... on level 5 of the Dungeon.
             The game lasted 00:10:08 (5691 turns).

purpskrrrp the Chopper (Demonspawn Fighter)         Turns: 5691, Time: 00:10:09

Health: -3/49      AC:  3    Str: 19    XL:     7   Next: 72%
Magic:  7/7        EV: 13    Int:  9    God:    Hepliaklqana [**....]
Gold:   263        SH:  0    Dex: 18    Spells: 6/6 levels left

rFire   . . .      SeeInvis .    a - +0 war axe
rCold   . . .      Faith    .    (no shield)
rNeg    . . .      Spirit   .    (no body armour)
rPois   .          Reflect  .    (no helmet)
rElec   .          Harm     .    r - +0 cloak
rCorr   .          Rampage  .    u - +0 pair of gloves
Will    .....                    n - +0 pair of boots
Stlth   ++........               (no amulet)
HPRegen 0.16/turn                e - ring of flight
MPRegen 0.10/turn                o - +6 ring of dexterity

@: mighty, flying
A: reduced essence, hooves 1, ignite blood 1, weakness stinger 1, demonic touch
2
a: Renounce Religion, Recall Ancestor, Ancestor Identity


You were on level 5 of the Dungeon.
You worshipped Hepliaklqana.
Hepliaklqana was pleased with you.
You visited 1 branch of the dungeon, and saw 5 of its levels.

You collected 263 gold pieces.

Inventory:

Hand Weapons
 a - a +0 war axe (weapon)
Missiles
 p - 2 javelins (quivered)
 w - a throwing net
Armour
 b - a +0 scale mail
 c - a +1 buckler
 h - a +1 ring mail of willpower
 n - a +0 pair of boots (worn)
 r - a +0 cloak (worn)
 u - a +0 pair of gloves (worn)
Jewellery
 e - a ring of flight (left hand)
 g - a ring of see invisible
 i - a ring of positive energy
 o - a +6 ring of dexterity (right hand)
 t - a ring of wizardry
Wands
 m - a wand of mindburst (13)
Scrolls
 v - 2 scrolls of teleportation
Potions
 f - a potion of degeneration
 j - 2 potions of cancellation {unknown}
 k - 4 potions of curing {unknown}
 l - a potion of haste {unknown}
 q - a potion of invisibility {unknown}
 s - a potion of magic {unknown}


   Skills:
 + Level 4.4 Fighting
 * Level 4.4 Axes
 + Level 3.9 Armour
 + Level 2.6 Dodging
 + Level 3.8 Shields
 * Level 3.2 Unarmed Combat


You had 6 spell levels left.
You didn't know any spells.
Your spell library contained the following spells:

 Spells                   Type           Power      Damage    Failure   Level
 Call Canine Familiar     Summ           0%         N/A       77%         3
 Ignite Poison            Fire/Tmut/Pois 0%         N/A       77%         3
 Mephitic Cloud           Conj/Pois/Air  0%         N/A       77%         3
 Portal Projectile        Hex/Tloc       0%         N/A       77%         3
 Leda's Liquefaction      Hex/Erth       0%         N/A       99%         4
 Freezing Cloud           Conj/Ice/Air   0%         6-21      100%        5


Dungeon Overview and Level Annotations

Branches:
Dungeon (5/15)
 Temple: D:4-7

Altars:
Dithmenos
Hepliaklqana
Sif Muna
Xom

Shops:
D:5 (!**

Annotations:
D:5 Pikel


Innate Abilities, Weirdness & Mutations

Your life essence is reduced to manifest your ancestor. (-10% HP)
You have large cloven feet.
Your demonic aura sometimes causes spilled blood to erupt in flames.
You have a small tail.
Your touch may inflict irresistible damage on your foes.


Message History

The lemure dies!
The lemure hits you.
Tlaloc hits the lemure with a +0 quarterstaff!!
You closely miss the lemure.
The lemure is severely wounded.
A lemure comes into view.
The lemure barely misses Tlaloc.
Tlaloc closely misses the lemure.
You closely miss the lemure.
The lemure is severely wounded.
The lemure hits you.
Tlaloc hits the lemure with a +0 quarterstaff.
You hit the lemure but do no damage. You tail-slap the lemure.
The lemure is almost dead.
You closely miss Pikel. You tail-slap Pikel, but do no damage.
Tlaloc closely misses Pikel.
Pikel barely misses you.
Tlaloc points at Pikel and mumbles some strange words.
The puff of frost hits Pikel!
You slash Pikel!
Pikel is heavily wounded.
Pikel waves his whip at you.
Pikel hits you with a +2 whip of flaming!
Pikel burns you.
Tlaloc hits Pikel with a +0 quarterstaff.
You slash Pikel! You tail-slap Pikel, but do no damage.
Your touch misses Pikel.
Pikel is severely wounded.
Pikel hits you with a +2 whip of flaming!
Pikel burns you.
Tlaloc hits Pikel but does no damage.
Pikel says, "You'll rust in Dis!"
Pikel hits you with a +2 whip of flaming.
* * * LOW HITPOINT WARNING * * *
Pikel burns you.
* * * LOW HITPOINT WARNING * * *
Okay, then.
You feel very mighty all of a sudden.
Tlaloc hits Pikel with a +0 quarterstaff!
Pikel hits you with a +2 whip of flaming!
* * * LOW HITPOINT WARNING * * *
Pikel burns you.
You die...

#.....# ##.....######
#.....#.K5...#......##..##
########.....#............
##5....#............
#......#............
+...5..#............ .
.55..#............ ...
###K###########...#
?....##.@R..##.....##...#
..$.....○..........#....#
#...[...............#....#
...................#.>..#
...####.##..#####..###..#
#...####.##..##.##..###..#
#...............#.[..'....
#...............#....#....
#..###..###..##.##..###..#


You could see the friendly Tlaloc the battlemage, Pikel (ally target) and 2
lemures.

Vanquished Creatures
  An ogre (D:4)
  2 scorpions (D:4)
  A necrophage (D:5)
  2 hounds (D:5)
  An orc priest (D:4)
  2 orc wizards (D:5)
  6 adders
  2 dart slugs (D:1)
  An orc (D:4)
  5 endoplasms
  4 giant cockroaches
  6 goblins
  8 hobgoblins
  4 jackals
  3 quokkas (D:2)
  5 ball pythons
  5 bats
  3 frilled lizards
  3 kobolds
  9 rats
73 creatures vanquished.

Vanquished Creatures (collateral kills)
  An ice beast (D:5)
  An ogre (D:5)
  A lemure (D:5)
  A scorpion (D:5)
  2 howler monkeys
  An adder (D:4)
  6 orcs
  An endoplasm (D:2)
  A giant cockroach (D:3)
  3 goblins
  2 ball pythons (D:4)
  2 kobolds
  2 rats (D:2)
24 creatures vanquished.

Vanquished Creatures (others)
  A battlemage (D:4)
1 creature vanquished.

Grand Total: 98 creatures vanquished

Notes
Turn   | Place    | Note
-------+----------+-------------------------------------------
     0 | D:1      | purpskrrrp the Demonspawn Fighter began the quest for the
                  | Orb.
     0 | D:1      | Reached XP level 1. HP: 18/18 MP: 1/1
   293 | D:1      | Discovered your monstrous ancestry.
   293 | D:1      | Gained mutation: You have a small tail. [demonic ancestry]
   293 | D:1      | Reached XP level 2. HP: 24/24 MP: 2/2
   628 | D:1      | Gained mutation: Your touch may inflict minor irresistible
                  | damage on your foes. [demonic ancestry]
   628 | D:1      | Reached XP level 3. HP: 26/29 MP: 3/3
   759 | D:1      | Found a faded altar of an unknown god.
   772 | D:1      | Prayed at the altar of an unknown god.
   772 | D:1      | Became a worshipper of Hepliaklqana the Forgotten
   772 | D:1      | Reached * piety under Hepliaklqana
  1120 | D:2      | Reached skill level 1 in Dodging
  2016 | D:2      | Reached ** piety under Hepliaklqana
  2017 | D:2      | Remembered your ancestor Tlaloc as a battlemage
  2161 | D:2      | Gained mutation: You have large cloven feet. [demonic
                  | ancestry]
  2161 | D:2      | Reached XP level 4. HP: 31/31 MP: 4/4
  3288 | D:3      | Identified a scroll of acquirement
  3288 | D:3      | Acquired 306 gold pieces
  3314 | D:4      | Noticed an ogre
  3323 | D:4      | Killed an ogre
  3324 | D:4      | Reached skill level 1 in Unarmed Combat
  3324 | D:4      | Gained mutation: Your demonic aura sometimes causes spilled
                  | blood to erupt in flames. [demonic ancestry]
  3324 | D:4      | Reached XP level 5. HP: 22/37 MP: 5/5
  3636 | D:4      | Gained mutation: Your touch may inflict irresistible damage
                  | on your foes. [demonic ancestry]
  3636 | D:4      | Reached XP level 6. HP: 42/43 MP: 6/6
  3708 | D:4      | Found a shadowy altar of Dithmenos.
  3905 | D:4      | Found a shimmering blue altar of Sif Muna.
  4412 | D:5      | Entered Level 5 of the Dungeon
  4617 | D:5      | Found a shimmering altar of Xom.
  4671 | D:5      | Found Sienonam's Assorted Antiques.
  4674 | D:5      | Found Laelus's Assorted Antiques.
  4674 | D:5      | Found Cuyng's Antique Weapon Shoppe.
  4676 | D:5      | Found Xaajalat's Distillery.
  4728 | D:5      | Noticed an ice beast
  4734 | D:5      | Killed an ice beast
  4735 | D:5      | Reached XP level 7. HP: 25/48 MP: 7/7
  5677 | D:5      | Noticed Pikel
  5691 | D:5      | HP: 1/49 [Pikel/+2 whip of flaming (8)]
  5691 | D:5      | Slain by Pikel

Illustrated notes

Levels and vault maps discovered:
D:1:      dpeg_arrival_ratfight, layout_basic, ebering_ecumenical_altar_mist,
          grunt_decor_mini_mirrors, minivault_5
D:2:      layout_loops_ring, minmay_octomino_j4
D:3:      layout_basic, nrook_campfire
D:4:      layout_loops_corners, kennysheep_little_box,
          mainiacjoe_overflow_24_doors
D:5:      layout_gridville, mainiacjoe_overflow_tiny_flanked,
          minmay_shop_grid_forest, uniq_pikel

Skill      XL: |  1  2  3  4  5  6  7 |
---------------+----------------------+-----
Axes           | 2 3 4 |  4.4
Armour         | 3 |  3.9
Dodging        | 1 2 |  2.6
Shields        | 3 |  3.8
Unarmed Combat | 1 2 3 |  3.2
Fighting       | 4 |  4.4

Action                   |  1- 3 |  4- 6 |  7- 9 || total
-------------------------+-------+-------+-------++-------
Melee: War axe           |    99 |    60 |    23 ||   182
       Tailslap          |     8 |     7 |     5 ||    20
       Touch             |       |    14 |     1 ||    15
Invok: Ancestor Life: Ba |     1 |       |       ||     1
       Ancestor Identity |     1 |       |       ||     1
       Recall Ancestor   |       |     1 |       ||     1
  Use: Scroll            |     5 |     6 |       ||    11
       Potion            |       |       |     1 ||     1
 Stab: Sleeping          |     1 |     4 |       ||     5
Armor: Scale mail        |    24 |       |       ||    24
       Skin              |     2 |     4 |     1 ||     7
Dodge: Dodged            |    64 |    31 |    11 ||   106
Block: Buckler           |    22 |       |       ||    22

Table legend: (Time is in decaauts)
 A = Elapsed time spent in this place.
 B = Non-inter-level travel time spent in this place.
 C = Inter-level travel time spent in this place.
 D = Time resting spent in this place.
 E = Time spent auto-exploring this place.
 F = Levels seen in this place.
 G = Mean time per level.
                   A        B        C        D        E       F      G
               +--------+--------+--------+--------+--------+-----+--------+
         Total |   5756 |   5637 |    119 |    445 |   4567 |   5 | 1151.2 |
       Dungeon |   5756 |   5637 |    119 |    445 |   4567 |   5 | 1151.2 |
               +--------+--------+--------+--------+--------+-----+--------+

Top non-repeatable levels by time:
     D:5: 1289 daAuts
     D:2: 1249 daAuts
     D:4: 1127 daAuts
     D:3: 1051 daAuts
     D:1: 1037 daAuts
